[ AOE2 MATCH · #506913811 ]
UnrankedMalians vs Persians
Player's team · LOSS
Rival team · WIN
[ REPLAY ANALYSIS · EXTRACTED FROM THE RECORDED GAME ]
Feudal
11:51
Castle
16:17
Imperial
—
| APM avg | 22.3 |
| APM peak | 59 |
| eAPM avg | 19.5 |
| Villagers / military | 121 / 111 |
Focus
⚔️ 26.4% · 🌾 73.6%
Militia ×89 · Battering Ram ×16 · Spearman ×5 · Monk ×1
Feudal
12:58
Castle
16:16
Imperial
—
| APM avg | 31.6 |
| APM peak | 58 |
| eAPM avg | 17.8 |
| Villagers / military | 101 / 75 |
Focus
⚔️ 27.0% · 🌾 73.0%
Militia ×67 · Fishing Ship ×20 · Battering Ram ×7 · Monk ×1
Match map
Initial resources + every placement click. Lines = walls · curves = elevation contours. ◆ gold · ⬟ stone · ● berries · ✦ relic · ◌ wall gap
Your base· ✓ Closed at 16:17 · 0t walls · no gate
Arthemis's base· ✓ Closed at 16:16 · 11t walls · no gate
Smoothed initial terrain · ◌ = detected wall gap · hover for details
Inputs per minute
— Disco Chicken - - Arthemis
Build order — Disco Chicken
First 150 of 302 actions detected
| 0:01 | Queue | Villager (Male) |
| 0:01 | Queue | Villager (Male) |
| 0:02 | Build | House |
| 0:04 | Build | House |
| 0:17 | Research | Loom |
| 0:17 | Queue | Villager (Male) |
| 0:17 | Queue | Villager (Male) |
| 0:28 | Queue | Villager (Male) |
| 0:28 | Queue | Villager (Male) |
| 0:55 | Build | House |
| 0:56 | Build | House |
| 1:38 | Build | House |
| 1:42 | Queue | Villager (Male) |
| 2:19 | Build | House |
| 2:25 | Queue | Villager (Male) |
| 2:25 | Queue | Villager (Male) |
| 2:50 | Queue | Villager (Male) |
| 2:57 | Build | House |
| 3:17 | Queue | Villager (Male) |
| 3:32 | Build | House |
| 3:42 | Queue | Villager (Male) |
| 3:54 | Build | House |
| 4:05 | Queue | Villager (Male) |
| 4:33 | Build | House |
| 4:34 | Queue | Villager (Male) |
| 4:34 | Queue | Villager (Male) |
| 5:01 | Build | Lumber Camp |
| 5:06 | Queue | Villager (Male) |
| 5:20 | Queue | Villager (Male) |
| 5:40 | Queue | Villager (Male) |
| 6:14 | Queue | Villager (Male) |
| 6:15 | Queue | Villager (Male) |
| 6:25 | Queue | Villager (Male) |
| 6:47 | Build | Mill |
| 7:23 | Queue | Villager (Male) |
| 7:24 | Queue | Villager (Male) |
| 7:43 | Build | Mill |
| 7:58 | Queue | Villager (Male) |
| 8:24 | Queue | Villager (Male) |
| 8:54 | Queue | Villager (Male) |
| 8:58 | Build | Mining Camp |
| 9:18 | Queue | Villager (Male) |
| 9:23 | Build | Farm |
| 9:25 | Build | Farm |
| 9:30 | Research | Feudal Age |
| 9:48 | Build | Lumber Camp |
| 9:51 | Queue | Villager (Male) |
| 10:39 | Build | Barracks |
| 11:51 | Age | Feudal Age |
| 11:54 | Build | Stable |
| 11:59 | Build | Market |
| 12:07 | Queue | Villager (Male) |
| 12:20 | Build | Farm |
| 12:45 | Queue | Villager (Male) |
| 12:54 | Build | Farm |
| 13:12 | Queue | Villager (Male) |
| 13:37 | Research | Castle Age |
| 13:44 | Research | Horse Collar |
| 13:47 | Build | Farm |
| 13:51 | Build | Farm |
| 13:55 | Build | Farm |
| 14:05 | Research | Double-Bit Axe |
| 14:49 | Queue | Villager (Male) |
| 15:10 | Queue | Villager (Male) |
| 15:17 | Research | Gold Mining |
| 15:41 | Build | Farm |
| 16:17 | Age | Castle Age |
| 16:28 | Build | Town Center |
| 16:30 | Queue | Villager (Male) |
| 16:38 | Queue | Villager (Male) |
| 16:42 | Build | Town Center |
| 16:47 | Build | Farm |
| 16:52 | Research | Bow Saw |
| 16:53 | Queue | Villager (Male) |
| 16:54 | Queue | Villager (Male) |
| 16:58 | Build | House |
| 16:59 | Build | House |
| 17:18 | Queue | Villager (Male) |
| 17:23 | Research | Heavy Plow |
| 17:26 | Queue | Villager (Male) |
| 17:33 | Queue | Villager (Male) |
| 17:46 | Build | Farm |
| 17:53 | Queue | Villager (Male) |
| 17:53 | Queue | Villager (Male) |
| 18:07 | Build | House |
| 18:08 | Build | House |
| 18:09 | Build | House |
| 18:10 | Build | House |
| 18:11 | Queue | Villager (Male) |
| 18:16 | Queue | Villager (Male) |
| 18:24 | Build | Farm |
| 18:26 | Build | Farm |
| 18:29 | Build | Farm |
| 18:40 | Queue | Villager (Male) |
| 18:41 | Queue | Villager (Male) |
| 18:46 | Build | Farm |
| 18:48 | Build | Farm |
| 18:51 | Queue | Villager (Male) |
| 18:51 | Queue | Villager (Male) |
| 19:04 | Build | Farm |
| 19:06 | Queue | Villager (Male) |
| 19:15 | Queue | Villager (Male) |
| 19:15 | Queue | Villager (Male) |
| 19:27 | Queue | Villager (Male) |
| 19:34 | Queue | Villager (Male) |
| 19:40 | Build | Farm |
| 19:42 | Build | Farm |
| 19:43 | Queue | Villager (Male) |
| 19:43 | Queue | Villager (Male) |
| 19:53 | Build | Blacksmith |
| 19:58 | Build | Farm |
| 20:01 | Build | Farm |
| 20:03 | Build | Farm |
| 20:04 | Queue | Villager (Male) |
| 20:04 | Queue | Villager (Male) |
| 20:08 | Queue | Villager (Male) |
| 20:11 | Build | Farm |
| 20:24 | Queue | Villager (Male) |
| 20:37 | Queue | Villager (Male) |
| 20:37 | Queue | Villager (Male) |
| 20:41 | Build | Farm |
| 20:42 | Build | Farm |
| 20:45 | Build | Farm |
| 20:46 | Queue | Villager (Male) |
| 21:02 | Research | Wheelbarrow |
| 21:03 | Research | Town Watch |
| 21:05 | Build | House |
| 21:06 | Build | House |
| 21:08 | Research | Man-at-Arms (upgrade) |
| 21:08 | Research | Squires |
| 21:13 | Build | Barracks |
| 21:14 | Queue | Villager (Male) |
| 21:14 | Queue | Villager (Male) |
| 21:25 | Build | Farm |
| 21:27 | Build | Farm |
| 21:27 | Queue | Villager (Male) |
| 21:36 | Research | Stone Mining |
| 21:43 | Queue | Villager (Male) |
| 21:53 | Research | Scale Mail Armor |
| 22:05 | Queue | Villager (Male) |
| 22:11 | Build | Siege Workshop |
| 22:14 | Build | Siege Workshop |
| 22:14 | Queue | Villager (Male) |
| 22:14 | Queue | Villager (Male) |
| 22:24 | Queue | Villager (Male) |
| 22:38 | Research | Long Swordsman (upgrade) |
| 22:38 | Queue | Militia |
| 22:41 | Queue | Militia |
| 22:46 | Queue | Villager (Male) |
| 22:54 | Queue | Villager (Male) |
Build order — Arthemis
First 150 of 322 actions detected
| 0:01 | Queue | Villager (Male) |
| 0:01 | Queue | Villager (Male) |
| 0:02 | Build | House |
| 0:04 | Build | House |
| 0:33 | Queue | Villager (Male) |
| 0:33 | Queue | Villager (Male) |
| 0:34 | Queue | Villager (Male) |
| 0:39 | Research | Loom |
| 0:40 | Queue | Villager (Male) |
| 0:40 | Queue | Villager (Male) |
| 0:41 | Queue | Villager (Male) |
| 2:20 | Queue | Villager (Male) |
| 2:44 | Queue | Villager (Male) |
| 3:11 | Queue | Villager (Male) |
| 3:19 | Build | Lumber Camp |
| 3:29 | Queue | Villager (Male) |
| 3:59 | Queue | Villager (Male) |
| 4:13 | Build | Palisade Wall |
| 4:14 | Build | Palisade Wall |
| 4:19 | Build | Palisade Wall |
| 4:26 | Build | Palisade Wall |
| 4:27 | Build | Palisade Wall |
| 4:31 | Queue | Villager (Male) |
| 4:44 | Build | House |
| 4:51 | Build | House |
| 4:57 | Queue | Villager (Male) |
| 5:22 | Queue | Villager (Male) |
| 5:48 | Queue | Villager (Male) |
| 6:10 | Build | Dock |
| 6:13 | Queue | Villager (Male) |
| 6:39 | Queue | Villager (Male) |
| 7:07 | Queue | Villager (Male) |
| 7:11 | Queue | Fishing Ship |
| 7:22 | Build | House |
| 7:24 | Build | House |
| 7:33 | Queue | Villager (Male) |
| 7:49 | Queue | Fishing Ship |
| 7:55 | Build | House |
| 7:58 | Queue | Villager (Male) |
| 8:11 | Build | Mill |
| 8:20 | Queue | Villager (Male) |
| 8:27 | Queue | Fishing Ship |
| 8:34 | Queue | Villager (Male) |
| 8:36 | Queue | Villager (Male) |
| 9:06 | Queue | Fishing Ship |
| 9:06 | Queue | Villager (Male) |
| 9:39 | Queue | Fishing Ship |
| 9:59 | Queue | Villager (Male) |
| 10:09 | Build | Mill |
| 10:19 | Queue | Fishing Ship |
| 10:19 | Queue | Villager (Male) |
| 10:33 | Build | Mining Camp |
| 10:54 | Research | Feudal Age |
| 11:32 | Queue | Villager (Male) |
| 11:32 | Queue | Villager (Male) |
| 12:06 | Build | Dock |
| 12:58 | Age | Feudal Age |
| 13:02 | Build | Market |
| 13:06 | Build | Blacksmith |
| 13:34 | Research | Double-Bit Axe |
| 13:50 | Research | Castle Age |
| 14:09 | Build | Lumber Camp |
| 14:20 | Build | Fish Trap |
| 14:32 | Build | Fish Trap |
| 14:49 | Build | Fish Trap |
| 14:59 | Build | House |
| 15:01 | Build | House |
| 15:09 | Build | House |
| 15:12 | Build | Fish Trap |
| 15:23 | Build | Fish Trap |
| 15:39 | Build | House |
| 15:40 | Build | House |
| 15:45 | Queue | Fishing Ship |
| 15:46 | Queue | Villager (Male) |
| 15:51 | Queue | Fishing Ship |
| 16:13 | Build | Stone Wall |
| 16:16 | Age | Castle Age |
| 16:22 | Queue | Fishing Ship |
| 16:22 | Queue | Fishing Ship |
| 16:26 | Build | Fish Trap |
| 16:30 | Build | Fish Trap |
| 16:35 | Queue | Villager (Male) |
| 16:56 | Queue | Villager (Male) |
| 17:09 | Build | Town Center |
| 17:20 | Queue | Villager (Male) |
| 17:41 | Queue | Villager (Male) |
| 17:51 | Build | Town Center |
| 18:01 | Queue | Villager (Male) |
| 18:13 | Build | Fish Trap |
| 18:19 | Build | Fish Trap |
| 18:26 | Queue | Villager (Male) |
| 18:26 | Queue | Villager (Male) |
| 18:31 | Queue | Villager (Male) |
| 18:31 | Queue | Villager (Male) |
| 18:33 | Build | Fish Trap |
| 18:34 | Queue | Fishing Ship |
| 18:42 | Queue | Fishing Ship |
| 19:00 | Research | Bow Saw |
| 19:04 | Research | Horse Collar |
| 19:07 | Research | Gold Mining |
| 19:11 | Queue | Villager (Male) |
| 19:11 | Queue | Villager (Male) |
| 19:11 | Queue | Villager (Male) |
| 19:21 | Build | Fish Trap |
| 19:29 | Build | Fish Trap |
| 19:32 | Queue | Villager (Male) |
| 19:32 | Queue | Villager (Male) |
| 19:35 | Queue | Villager (Male) |
| 19:49 | Queue | Fishing Ship |
| 19:50 | Queue | Fishing Ship |
| 19:50 | Queue | Villager (Male) |
| 19:53 | Build | Farm |
| 19:55 | Build | Farm |
| 19:59 | Build | Farm |
| 20:03 | Build | Farm |
| 20:11 | Build | Farm |
| 20:14 | Queue | Villager (Male) |
| 20:14 | Queue | Villager (Male) |
| 20:20 | Queue | Fishing Ship |
| 20:20 | Queue | Fishing Ship |
| 20:23 | Queue | Villager (Male) |
| 20:27 | Build | Farm |
| 20:30 | Build | Farm |
| 20:31 | Queue | Villager (Male) |
| 20:36 | Build | Mining Camp |
| 20:39 | Queue | Villager (Male) |
| 20:43 | Build | Fish Trap |
| 20:46 | Queue | Fishing Ship |
| 20:47 | Queue | Fishing Ship |
| 20:53 | Queue | Villager (Male) |
| 20:54 | Queue | Villager (Male) |
| 20:57 | Build | Fish Trap |
| 21:03 | Build | House |
| 21:08 | Build | House |
| 21:09 | Build | House |
| 21:16 | Build | House |
| 21:17 | Build | House |
| 21:18 | Build | House |
| 21:19 | Build | House |
| 21:21 | Build | House |
| 21:23 | Build | House |
| 21:24 | Research | Wheelbarrow |
| 21:34 | Build | Fish Trap |
| 21:39 | Build | Fish Trap |
| 21:42 | Queue | Fishing Ship |
| 21:44 | Queue | Fishing Ship |
| 21:46 | Queue | Villager (Male) |
| 21:46 | Queue | Villager (Male) |
| 21:46 | Queue | Villager (Male) |
| 21:47 | Queue | Villager (Male) |
Match timeline
| 4:13 | Arthemis · wall_segment Palisade Wall x1 |
| 4:14 | Arthemis · wall_segment Palisade Wall x1 |
| 4:19 | Arthemis · wall_segment Palisade Wall x1 |
| 4:26 | Arthemis · wall_segment Palisade Wall x1 |
| 4:27 | Arthemis · wall_segment Palisade Wall x1 |
| 6:10 | Arthemis · first_building Dock |
| 10:39 | Disco Chicken · first_building Barracks |
| 11:51 | Disco Chicken · age_up feudal |
| 11:54 | Disco Chicken · first_building Stable |
| 12:56 | Disco Chicken · first_market_sell 100 wood |
| 12:58 | Arthemis · age_up feudal |
| 12:58 | Disco Chicken · first_market_buy 100 food |
| 15:58 | Arthemis · first_market_buy 100 wood |
| 16:13 | Arthemis · wall_segment Stone Wall x6 |
| 16:16 | Arthemis · age_up castle |
| 16:17 | Disco Chicken · age_up castle |
| 17:03 | Arthemis · first_market_sell 100 food |
| 22:11 | Disco Chicken · first_building Siege Workshop |
| 23:31 | Arthemis · first_building Monastery |
| 24:04 | Arthemis · first_building Barracks |
| 24:15 | Arthemis · first_building Siege Workshop |
| 24:52 | Disco Chicken · first_building Monastery |
| 25:31 | Arthemis · first_building Castle |
| 31:16 | Disco Chicken · first_building Castle |
| 32:05 | Arthemis · first_building Archery Range |
| 32:12 | Disco Chicken · resign |
[ AI ANALYSIS · 1 CREDIT ]
What really happened in this match?
Wolo.gg analyzes every decision: build order, eco, micro, common mistakes by bracket. Personalized analysis on WhatsApp or Discord in 30 seconds.
Civ guide
Malians
Perfil
Jugador #5965614